Unix NetHack Version 5.0.0-0 post-release - last build Jul 19 2026 19:10:59 (3aa4ab31751d3886436d94b585a96704892fd477,branch:main).

Game began 2026-07-24 14:05:42, ended 2026-07-24 14:22:21.

DeathOnAStick, neutral male human Tourist

     -
    --.
   --... -   ----
   -......-  |..-----
    ....G..---......---
         ...............
           -....d...G-
            -G@hf.<..|
            ----.-----
               ---
DeathOnAStick the Sightseer  St:13 Dx:12 Co:12 In:12 Wi:8 Ch:18  Neutral S:743
Dlvl:3  $:586 HP:0(34) Pw:17(17) AC:10 Xp:4/133 T:1274 

Latest messages:
 In what direction? l
 The dart misses the dwarf.
 Fido3 misses the dwarf.
 Fido2 drops a yellowish brown gem.
 The dwarf thrusts her broad short sword.
 The dwarf hits!
 Are you waiting to get hit?  Use 'm' prefix to force a no-op (to rest).
 Are you waiting to get hit?  Use 'm' prefix to force a no-op (to rest).
 In what direction? h
 The dart hits the gnome lord!
 Fido3 misses the dwarf.
 Fido picks up a yellowish brown gem.
 The gnome wields a bow!
 The gnome lord hits!
 Fido3 misses the dwarf.
 It misses the dwarf.
 Are you waiting to get hit?  Use 'm' prefix to force a no-op (to rest).
 Are you waiting to get hit?  Use 'm' prefix to force a no-op (to rest).
 What do you want to use or apply? [amvx or ?*] v
 In what direction? h
 The gnome lord is blinded by the flash!
 Fido3 misses the dwarf.
 Fido2 misses the dwarf.
 It misses the dwarf.
 The dwarf thrusts her broad short sword.
 The dwarf hits!
 It misses the dwarf.
 What do you want to use or apply? [amvx or ?*] v
 In what direction? l
 The dwarf is blinded by the flash!
 Fido3 misses the dwarf.
 Fido2 misses the dwarf.
 It misses the dwarf.
 The dwarf picks up a +2 dart.
 The gnome lord hits!
 Fido3 misses the dwarf.
 Fido2 misses the dwarf.
 In what direction? h
 The dart hits the gnome lord.
 Fido3 misses the dwarf.
 Fido2 misses the dwarf.
 It misses the dwarf.
 The dwarf thrusts her broad short sword.
 The dwarf hits!
 You die...
 Do you want your possessions identified? [ynq] (y) y
 Do you want to see your attributes? [ynq] (y) y
 Do you want an account of creatures vanquished? [ynaq] (y) y
 Do you want to see your conduct and achievements? [ynq] (y) y
 Do you want to see the dungeon overview? [ynq] (y) y

Inventory:
 Coins    ('$')
  $ - 586 gold pieces
 Amulets  ('"')
  O - an uncursed amulet of magical breathing (being worn)
 Weapons  (')')
  n - 6 +0 arrows
  M - a blessed +1 sling
  b - 26 +2 darts (at the ready)
 Armor    ('[')
  w - a blessed +0 orcish helm
  j - a blessed +0 Hawaiian shirt with a toucan motif
 Comestibles  ('%')
  d - 2 uncursed randomfruits
  m - 2 uncursed cream pies
  e - 4 uncursed food rations
  s - 2 uncursed lembas wafers
  c - an uncursed pancake
  f - an uncursed tin of deep fried lichen
 Scrolls  ('?')
  i - an uncursed scroll of magic mapping
 Potions  ('!')
  h - a blessed potion of extra healing
  g - an uncursed potion of extra healing
  D - a cursed potion of see invisible
 Tools    ('(')
  x - an uncursed credit card
  v - an expensive camera (0:84)
  a - an uncursed tin opener (wielded)
 Gems/Stones  ('*')
  y - an uncursed worthless piece of blue glass
  q - 2 uncursed worthless pieces of orange glass
  C - an uncursed worthless piece of red glass

DeathOnAStick the Tourist's attributes:

Background:
 You were a Sightseer, a level 4 male human Tourist.
 You were neutral, nominally on a mission for The Lady
 who was opposed by Blind Io (lawful) and Offler (chaotic).
 You were right-handed.
 You were in the Gnomish Mines, on level 3.
 You entered the dungeon 1274 turns ago.
 You had 133 experience points, 27 more were needed to attain level 5.
 Your score was 743 before end-of-game adjustments.

Basics:
 You had 0 out of 34 hit points.
 You had all 17 energy points (spell power).
 Your armor class was 10.
 Your wallet contained 586 zorkmids.
 Autopickup was off.

Final Characteristics:
 Your strength was 13 (limit:18/100).
 Your dexterity was 12 (base:13, limit:18).
 Your constitution was 12 (limit:18).
 Your intelligence was 12 (limit:18).
 Your wisdom was 8 (limit:18).
 Your charisma was 18 (limit:18).

Final Status:
 You were trapped in a bear trap.
 You had a wounded right leg.
 You weren't hungry.
 You were unencumbered.
 You were wielding a tin opener.
 You weren't wearing any armor.

Final Attributes:
 You were devoutly aligned.
 You saw invisible.
 You would have confused monsters when hitting them.
 You could survive without air.
 You are dead.

Miscellaneous:
 You didn't encounter any bones levels.
 Total elapsed playing time was 16 minutes and 36 seconds.

Major events:
 Turn
    1: DeathOnAStick the neutral male human Tourist entered the dungeon
  575: read a Discworld novel
  575: attained the rank of Sightseer (level 3)
 1256: entered the Gnomish Mines
 1274: killed by a dwarf

You didn't know any spells.

Skills:
 Fighting Skills
   bare handed combat [Unskilled]
   two weapon combat  [Unskilled]
   riding             [Unskilled]
 Weapon Skills
   dagger             [Unskilled]
   knife              [Unskilled]
   axe                [Unskilled]
   pick-axe           [Unskilled]
   short sword        [Unskilled]
   broadsword         [Unskilled]
   long sword         [Unskilled]
   two-handed sword   [Unskilled]
   saber              [Unskilled]
   mace               [Unskilled]
   morning star       [Unskilled]
   flail              [Unskilled]
   hammer             [Unskilled]
   quarterstaff       [Unskilled]
   polearms           [Unskilled]
   spear              [Unskilled]
   trident            [Unskilled]
   lance              [Unskilled]
   bow                [Unskilled]
   sling              [Unskilled]
   crossbow           [Unskilled]
   dart               [Basic]
   shuriken           [Unskilled]
   boomerang          [Unskilled]
   whip               [Unskilled]
   unicorn horn       [Unskilled]
 Spellcasting Skills
   divination spells  [Unskilled]
   enchantment spells [Unskilled]
   escape spells      [Unskilled]

Voluntary challenges:
 Character rerolling was not enabled.
 You followed a strict vegan diet.
 You were an atheist.
 You never hit with a wielded weapon.
 You never genocided any monsters.
 You never polymorphed an object.
 You never changed form.
 You used no wishes.
Achievements:
 You entered a shop.
 You read from a Discworld novel.
 You attained the rank of Sightseer.
 You entered the Gnomish Mines.

 The Dungeons of Doom: levels 1 to 4
    Level 1:
       Some fountains.
    Level 2:
       A fountain.
       Stairs down to The Gnomish Mines.
    Level 3:
       A scroll shop, a fountain, a grave.
    Level 4:
       An altar.
 The Gnomish Mines:
    Level 3: <- You were here.
       Final resting place for
          you, killed by a dwarf.


Vanquished creatures:
  a floating eye
  a homunculus
 an iguana
  a hobbit
  a large kobold
  a gecko
  2 jackals
  a kobold
  a goblin
  a sewer rat
  7 grid bugs
  2 lichens
  a kobold zombie
  4 newts
25 creatures vanquished.

No species were genocided or became extinct.

Game over:
                       ----------
                      /          \
                     /    REST    \
                    /      IN      \
                   /     PEACE      \
                  /                  \
                  |  DeathOnAStick   |
                  |      586 Au      |
                  |   killed by a    |
                  |      dwarf       |
                  |                  |
                  |                  |
                  |       2026       |
                 *|     *  *  *      | *
        _________)/\\_//(\/(/\)/\//\/|_)_______

Aloha DeathOnAStick the Tourist...

You died in The Gnomish Mines on dungeon level 3 with 742 points,
and 586 pieces of gold, after 1274 moves.
You were level 4 with a maximum of 34 hit points when you died.

